 Dungeon Crawl Stone Soup version bcrawl-1.38.3 (webtiles) character file.

Game seed: 2886203683989874925

124188 Mrkan the Gusty (level 3, -4/32 HPs)
             Began as a Naga Air Elementalist on May 26, 2023.
             Slain by an iguana (11 damage)
             ... on level 2 of the Dungeon.
             The game lasted 00:04:28 (1228 turns).

Mrkan the Gusty (Naga Air Elementalist)             Turns: 1228, Time: 00:04:29

Health: -4/32      AC:  2    Str: 10    XL:     3   Next: 70%
Magic:  1/6        EV:  9    Int: 16    God:
Gold:   86         SH:  0    Dex: 11    Spells: 4/7 levels left

rFire    . . .     GDR:     23% f - +0 falchion
rCold    . . .     SeeInvis +   (no shield)
rNeg     . . .     Gourm    .   a - +0 robe
rPois    +         Faith    .   (no helmet)
rElec    .         Spirit   .   (no cloak)
rCorr    .         Reflect  .   (no gloves)
MR       .....                  (no barding)
Stlth    ++........             (no amulet)
HPRegen  0.15/turn              (no ring)
MPRegen  0.10/turn              (no ring)

@: very slightly contaminated, heavily drained, very slow
A: large, tail, swims, see invisible, deformed body, poison resistance, slowness
2, slow metabolism 1, spit poison 1, AC +1
a: Spit Poison


You were on level 2 of the Dungeon.
You were not hungry.

You visited 1 branch of the dungeon, and saw 2 of its levels.

You collected 86 gold pieces.

Inventory:

Hand Weapons
 b - a cursed -2 club
 f - a +0 falchion (weapon)
Missiles
 g - 280 stones (quivered)
Armour
 a - a +0 robe (worn)
 n - a +0 helmet
Scrolls
 h - a scroll of amnesia {unknown}
 i - a scroll of identify
 j - a scroll of remove curse {unknown}
Potions
 c - a potion of flight
 d - a potion of resistance
 k - a potion of lignification {unknown}
 l - a potion of agility {unknown}
 m - a potion of ambrosia {unknown}
 o - 2 potions of might {unknown}
 q - a potion of haste {unknown}
 r - a potion of magic {unknown}
Comestibles
 e - 2 rations {!d}
 p - 3 chunks of flesh


   Skills:
 + Level 1.7(0.0) Fighting
 - Level 1.5(0.0) Dodging
 - Level 3.2(1.5) Stealth
 + Level 2.6(0.9) Spellcasting
 - Level 1.0(0.0) Conjurations
   Level 1.0(0.0) Charms
 + Level 3.5(1.8) Air Magic


You had 4 spell levels left.
You knew the following spells:

 Your Spells              Type           Power        Failure   Level  Hunger
a - Static Discharge      Air            #.....       11%         1    None
b - Shock                 Conj/Air       #......      24%         2    ###....

Your spell library contained the following spells:

 Spells                   Type           Power        Failure   Level  Hunger
 Swiftness                Chrm/Air       #.......     24%         2    ###....
 Mephitic Cloud           Conj/Pois/Air  #.......     50%         3    #####..
 Lightning Bolt           Conj/Air       #.......     85%         4    ######.


Dungeon Overview and Level Annotations

Branches:
Dungeon (2/12)

Altars:


Innate Abilities, Weirdness & Mutations

You cannot wear boots.
You can swim through water.
Your serpentine skin is tough. (AC +1)
You have supernaturally acute eyesight. (SInv)
Armour fits poorly on your strangely shaped body.
Your system is resistant to poisons. (rPois)
You cover ground very slowly.
You have a slow metabolism.
You can spit poison.


Message History

The iguana is struck by an arc of lightning.
The iguana is moderately wounded.
You are struck by an arc of lightning.
* * * LOW HITPOINT WARNING * * *
The iguana barely misses you.
Casting: Static Discharge (safe; 11% risk of failure)
Confirm with . or Enter, or press ? or * to list all spells.
The iguana is struck by an arc of lightning.
The iguana is moderately wounded.
You are struck by an arc of lightning.
* * * LOW HITPOINT WARNING * * *
The iguana barely misses you.
Casting: Static Discharge (safe; 11% risk of failure)
Confirm with . or Enter, or press ? or * to list all spells.
The iguana is struck by an arc of lightning.
The iguana is heavily wounded.
You are struck by an arc of lightning.
* * * LOW HITPOINT WARNING * * *
The iguana bites you!
You die...

.... . ...###.
#.....# #.....#
#.....#
####.....#
........l####
.......@...>#
.....##.....###
### #.......#
#...†.?.#
#####...#
#########...#
#.......#...#
#.......'...+
#.......#...#


You could see an iguana.

Vanquished Creatures
  Robin (D:2)
  3 dart slugs
  2 leopard geckos (D:1)
  A ball python (D:2)
  2 giant cockroaches
  4 goblins (D:1)
  3 hobgoblins (D:1)
  3 bats (D:1)
  4 frilled lizards
  3 kobolds (D:1)
  3 rats (D:1)
29 creatures vanquished.

Notes
Turn   | Place    | Note
-------+----------+-------------------------------------------
     0 | D:1      | Mrkan the Naga Air Elementalist began the quest for the
                  | Orb.
     0 | D:1      | Reached XP level 1. HP: 15/15 MP: 3/3
   173 | D:1      | Reached XP level 2. HP: 7/24 MP: 1/5
   247 | D:1      | Reached skill level 1 in Fighting
   587 | D:1      | Reached XP level 3. HP: 23/31 MP: 0/6
  1010 | D:2      | Learned a level 2 spell: Shock
  1080 | D:2      | Noticed Robin
  1103 | D:2      | Killed Robin
  1228 | D:2      | Slain by an iguana

Skill      XL: |  1  2 |
---------------+-------+-----
Fighting       | 1 |  1.7
Dodging        | |  1.5
Stealth        | |  3.2
Spellcasting   | |  2.6
Conjurations   | |  1.0
Charms         | |  1.0
Air Magic      | |  3.5

Action                   || total
-------------------------++-------
Melee: Unarmed           ||    13
       Falchion          ||    24
 Cast: Static Discharge  ||    40
       Shock             ||     3
  Eat: Ration            ||     1
Armor: Robe              ||    20
Dodge: Dodged            ||    35
